 Dungeon Crawl Stone Soup version 0.31-a0-161-gb58dd9be76 (webtiles) character file.

Game seed: 163977623306347436

102 qw the Shooter (level 4, -3/42 HPs)
             Began as a Naga Hunter on June 12, 2023.
             Was an Initiate of Okawaru.
             Slain by Grinder (5 damage)
             ... while paralysed by Grinder
             ... on level 3 of the Dungeon.
             The game lasted 00:00:42 (1743 turns).

qw the Shooter (Naga Hunter)                        Turns: 1743, Time: 00:00:43

Health: -3/42      AC:  4    Str: 14    XL:     4   Next: 78%
Magic:  4/4        EV:  1    Int:  9    God:    Okawaru [......]
Gold:   180        SH:  0    Dex: 16    Spells: 3/3 levels left

rFire   . . .        Y - +1 shortbow
rCold   . . .        (shield currently unavailable)
rNeg    . . .        c - +0 leather armour
rPois   +            g - +0 helmet
rElec   .            d - +0 cloak
rCorr   .            (no gloves)
SInv    +            (no barding)
Will    .....        (no amulet)
Stlth   ++           (no ring)
HPRegen 0.27/turn    (no ring)
MPRegen 0.09/turn

%: no passive effects
@: paralysed, very slow
A: AC +1, large, see invisible, deformed body, poison resistance, slowness 2,
spit poison 1, naga tail 1
a: Spit Poison, Renounce Religion


You were on level 3 of the Dungeon.
You worshipped Okawaru.
Okawaru was noncommittal.
You visited 1 branch of the dungeon, and saw 3 of its levels.

You collected 180 gold pieces.


Innate Abilities, Weirdness & Mutations

Your serpentine skin is tough. (AC +1)
You have supernaturally acute eyesight. (SInv)
Armour fits poorly on your strangely shaped body.
Your system is resistant to poisons. (rPois)
You cover ground very slowly.
You can spit poison.
You have a snake-like lower body.


   Skills:
 - Level 3.1 Fighting
 + Level 5.0 Ranged Weapons
 - Level 1.5 Dodging
 - Level 1.5 Stealth


You had 3 spell levels left.
You didn't know any spells.
Your spell library was empty.

Inventory:

Hand Weapons
 Y - a +1 shortbow (weapon)
Armour
 c - a +0 leather armour (worn)
 d - a +0 cloak (worn)
 g - a +0 helmet (worn)
Scrolls
 b - 2 scrolls of immolation {unknown}
Potions
 a - a potion of enlightenment {unknown}
 e - a potion of magic {unknown}
 f - a potion of heal wounds {unknown}

Dungeon Overview and Level Annotations

Branches:
Dungeon (3/15)

Altars:
Okawaru

Annotations:
D:2 1 runed translucent door, Crazy Yiuf
D:3 Grinder


Message History

Grinder is moderately wounded.
Grinder gestures at you.
You struggle to resist.
You shoot an arrow. The arrow hits Grinder.
Grinder is moderately wounded.
Grinder hits you!
You shoot an arrow. The arrow closely misses Grinder.
Grinder blinks!
You shoot an arrow. The arrow hits Grinder.
Grinder is moderately wounded.
Grinder blinks!
You start resting.
Grinder is nearby!
You shoot an arrow.
The arrow hits Grinder but does no damage.
Grinder is moderately wounded.
You shoot an arrow. The arrow closely misses Grinder.
Grinder blinks!
You start resting.
Grinder is nearby!
You shoot an arrow. The arrow closely misses Grinder.
You shoot an arrow. The arrow hits Grinder.
Grinder is heavily wounded.
You shoot an arrow.
The arrow hits Grinder but does no damage.
Grinder is heavily wounded.
You shoot an arrow. The arrow hits Grinder!
Grinder is severely wounded.
Grinder blinks!
You shoot an arrow.
The arrow hits Grinder but does no damage.
Grinder is severely wounded.
Grinder barely misses you.
You shoot an arrow. The arrow hits Grinder.
Grinder is severely wounded.
Grinder gestures at you.
You suddenly lose the ability to move!
Grinder says, "I used to sell toenails on the black market."
Grinder hits you!
You writhe in agony.
You die...

################
................########
###.#.#########.5.......
# #.#...........@# #
#.#..########..##
###.#..##.......#.##
....#..##.####.###.#####
##..#..##.###.# ##....#
##..#.%#...###.###.###.#
##..#...###.###.#.##
.#......# #......## #...
<.......###.####.#####..#


You could see Grinder.

Vanquished Creatures
  3 adders
  A dart slug (D:2)
  An orc (D:3)
  5 endoplasms
  8 giant cockroaches
  6 goblins
  7 hobgoblins
  4 jackals
  2 quokkas
  9 ball pythons
  6 bats
  4 frilled lizards
  A kobold (D:1)
  10 rats
67 creatures vanquished.

Notes
Turn   | Place    | Note
-------+----------+-------------------------------------------
     0 | D:1      | qw the Naga Hunter began the quest for the Orb.
     0 | D:1      | Reached XP level 1. HP: 19/19 MP: 1/1
     0 | D:1      | 0 ||| qw: Version: 0.2-a-29-gc1b59c4
     0 | D:1      | 0 ||| qw: Game counter: 4286
     0 | D:1      | 0 ||| qw: Always use a shield: true
     0 | D:1      | 0 ||| qw: God list: Okawaru
     0 | D:1      | 0 ||| qw: Allow faded altars: false
     0 | D:1      | 0 ||| qw: Do Orc after D:15 true
     0 | D:1      | 0 ||| qw: Do second Lair branch before Depths: true
     0 | D:1      | 0 ||| qw: Lair rune preference: random
     0 | D:1      | 0 ||| qw: Plans: Normal
     0 | D:1      | 0 ||| PLANNING D:1-11
    41 | D:1      | 41 ||| INVOKING Spit Poison.
    46 | D:1      | 46 ||| INVOKING Spit Poison.
    49 | D:1      | Reached skill level 4 in Ranged Weapons
    49 | D:1      | Reached XP level 2. HP: 26/26 MP: 2/2
    52 | D:1      | 52 ||| INVOKING Spit Poison.
    56 | D:1      | 56 ||| INVOKING Spit Poison.
    59 | D:1      | 59 ||| INVOKING Spit Poison.
    88 | D:1      | 88 ||| INVOKING Spit Poison.
    94 | D:1      | 94 ||| INVOKING Spit Poison.
   109 | D:1      | 109 ||| INVOKING Spit Poison.
   241 | D:1      | 241 ||| INVOKING Spit Poison.
   244 | D:1      | 244 ||| INVOKING Spit Poison.
   266 | D:1      | 266 ||| INVOKING Spit Poison.
   297 | D:1      | 297 ||| INVOKING Spit Poison.
   312 | D:1      | Reached XP level 3. HP: 32/32 MP: 3/3
   325 | D:1      | 325 ||| INVOKING Spit Poison.
   333 | D:1      | 333 ||| INVOKING Spit Poison.
   376 | D:1      | 376 ||| INVOKING Spit Poison.
   383 | D:1      | 383 ||| INVOKING Spit Poison.
   406 | D:1      | 406 ||| INVOKING Spit Poison.
   409 | D:1      | 409 ||| INVOKING Spit Poison.
   467 | D:1      | 467 ||| INVOKING Spit Poison.
   563 | D:1      | 563 ||| INVOKING Spit Poison.
   566 | D:1      | 566 ||| INVOKING Spit Poison.
   596 | D:1      | 596 ||| INVOKING Spit Poison.
   745 | D:1      | 745 ||| UPGRADING to +0 helmet.
   750 | D:1      | 750 ||| READING scroll labelled YXIPNUECAY.
   751 | D:1      | 751 ||| READING scroll labelled KEJASYOF KISHRE.
   754 | D:1      | 754 ||| READING scroll labelled WUIDOPPELA.
   755 | D:1      | 755 ||| READING scroll labelled MEDUWE JYAQE.
   756 | D:1      | 756 ||| READING scroll labelled NEMOER XOCOJU.
   757 | D:1      | 757 ||| DROPPING scroll of butterflies.
   764 | D:2      | 764 ||| INVOKING Spit Poison.
   780 | D:2      | 780 ||| INVOKING Spit Poison.
   783 | D:2      | 783 ||| INVOKING Spit Poison.
   798 | D:2      | 798 ||| INVOKING Spit Poison.
   817 | D:2      | Reached skill level 5 in Ranged Weapons
   817 | D:2      | Reached XP level 4. HP: 39/39 MP: 4/4
   817 | D:2      | 817 ||| INVOKING Spit Poison.
   827 | D:2      | 827 ||| INVOKING Spit Poison.
   875 | D:2      | 875 ||| INVOKING Spit Poison.
   895 | D:2      | 895 ||| INVOKING Spit Poison.
   930 | D:2      | 930 ||| INVOKING Spit Poison.
   992 | D:2      | Found an iron altar of Okawaru.
   993 | D:2      | 993 ||| PLANNING OKAWARU WORSHIP
   993 | D:2      | 993 ||| UPGRADING to +0 cloak.
   999 | D:2      | 999 ||| INVOKING Spit Poison.
  1000 | D:2      | 1000 ||| READING scroll labelled VIEKUZ EVYSMYT.
  1003 | D:2      | 1003 ||| INVOKING Spit Poison.
  1008 | D:2      | Became a worshipper of Warmaster Okawaru
  1008 | D:2      | 1008 ||| PLANNING D:1-11
  1121 | D:2      | 1121 ||| INVOKING Spit Poison.
  1126 | D:2      | 1126 ||| INVOKING Spit Poison.
  1294 | D:2      | 1294 ||| INVOKING Spit Poison.
  1339 | D:2      | Found a runed translucent door.
  1340 | D:2      | Noticed Crazy Yiuf
  1343 | D:2      | 1343 ||| DROPPING +6 ring of intelligence.
  1344 | D:2      | 1344 ||| READING scroll labelled OCIULA GESMOA.
  1386 | D:3      | 1386 ||| INVOKING Spit Poison.
  1395 | D:3      | 1395 ||| INVOKING Spit Poison.
  1402 | D:3      | 1402 ||| INVOKING Spit Poison.
  1422 | D:3      | 1422 ||| INVOKING Spit Poison.
  1431 | D:3      | 1431 ||| INVOKING Spit Poison.
  1435 | D:3      | 1435 ||| INVOKING Spit Poison.
  1551 | D:3      | 1551 ||| INVOKING Spit Poison.
  1613 | D:3      | 1613 ||| INVOKING Spit Poison.
  1617 | D:3      | 1617 ||| INVOKING Spit Poison.
  1633 | D:3      | 1633 ||| INVOKING Spit Poison.
  1693 | D:3      | 1693 ||| INVOKING Spit Poison.
  1698 | D:3      | Reached skill level 3 in Fighting
  1721 | D:3      | Noticed Grinder
  1721 | D:3      | Paralysed by Grinder for 5 turns
  1730 | D:3      | HP: 5/42 [Grinder (9)]
  1742 | D:3      | Paralysed by Grinder for 2 turns
  1743 | D:3      | HP: 2/42 [Grinder (7)]
  1743 | D:3      | Slain by Grinder

Levels and vault maps discovered:
D:1:      nicolae_arrival_somewhat_less_tricky_arrival, layout_loops_ring,
          chequers_garden, minmay_shallow_snake_nest
D:2:      layout_basic, basic_altar, uniq_crazy_yiuf_cottage
D:3:      layout_loops_ring, eino_curves_01, dk_noncrumbling_3,
          minmay_misc_feat_four_crosses, uniq_grinder

Skill      XL: |  1  2  3  4 |
---------------+-------------+-----
Ranged Weapons | 4 5 |  5.0
Fighting       | 3 |  3.1
Dodging        | |  1.5
Stealth        | |  1.5

Action                     |  1- 3 |  4- 6 || total
---------------------------+-------+-------++-------
   Fire: Shortbow          |    45 |    56 ||   101
Ability: Spit Poison       |    26 |    21 ||    47
    Use: Scroll            |     5 |     2 ||     7
 Armour: Leather armour    |     3 |     2 ||     5
  Dodge: Dodged            |     4 |     6 ||    10

Table legend:
 A = Non-vault XP
 B = Vault XP
 C = Vault XP percentage of total XP
 D = Non-vault monster count
 E = Vault monster count
 F = Vault count percentage of total count
                 A         B        C        D         E       F
            +---------+---------+-------+---------+---------+-------
      Total |     145 |       2 |   1.4 |      65 |       2 |   3.0
            +---------+---------+-------+---------+---------+-------
        D:1 |      49 |       2 |   3.9 |      31 |       2 |   6.1
        D:2 |      55 |       0 |   0.0 |      17 |       0 |   0.0
        D:3 |      41 |       0 |   0.0 |      17 |       0 |   0.0
            +---------+---------+-------+---------+---------+-------
